 Dungeon Crawl Stone Soup version 0.23.2-1-ga50397a6bc (webtiles) character file.

Game seed: 64603463137937883

211 Banto the Poker (level 5, -5/41 HPs)
             Began as a Demigod Wanderer on Apr 24, 2019.
             Slain by an iguana (12 damage)
             ... on level 4 of the Dungeon.
             The game lasted 00:04:14 (3204 turns).

Banto the Poker (Demigod Wanderer)                  Turns: 3204, Time: 00:04:14

Health: -5/41      AC:  6    Str: 14    XL:     5   Next: 31%
Magic:  9/9        EV: 10    Int: 17    God:
Gold:   117        SH:  0    Dex: 17    Spells: 5/6 levels left

rFire    + . .     SeeInvis .   a - +2 spear
rCold    . . .     Gourm    +   (no shield)
rNeg     . . .     Faith    .   x - +3 leather armour {rF+}
rPois    .         Spirit   .   (no helmet)
rElec    .         Reflect  .   (no cloak)
rCorr    .         Harm     .   (no gloves)
MR       +....                  (no boots)
Stlth    +.........             o - amulet of the gourmand
HPRegen  0.13/turn              n - ring of protection from magic
MPRegen  0.11/turn              (no ring)

@: no status effects
A: high mp 1
a: no special abilities


You were on level 4 of the Dungeon.
You were not hungry.

You visited 1 branch of the dungeon, and saw 4 of its levels.

You collected 117 gold pieces.

Inventory:

Hand Weapons
 a - a +2 spear (weapon)
Armour
 x - a +3 leather armour of fire resistance (worn)
Jewellery
 n - a ring of protection from magic (left hand)
 o - an amulet of the gourmand (around neck)
Scrolls
 e - a scroll of blinking {unknown}
 h - a scroll of enchant weapon {unknown}
 k - 2 scrolls of identify {unknown}
 l - a scroll of noise {unknown}
 p - a scroll of magic mapping {unknown}
 s - a scroll of fog {unknown}
 t - a scroll of immolation {unknown}
 u - a scroll of teleportation {unknown}
 v - a scroll of enchant armour {unknown}
 w - a scroll of fear {unknown}
Potions
 b - a potion of cancellation {unknown}
 c - a potion of curing
 d - 3 potions of agility {unknown}
 g - a potion of resistance
 i - 3 potions of lignification {unknown}
 j - 2 potions of heal wounds {unknown}
 m - a potion of degeneration {unknown}
 q - a potion of mutation {unknown}
 r - 2 potions of magic {unknown}
Comestibles
 f - 10 rations


   Skills:
 - Level 1.7 Fighting
 + Level 5.8 Polearms
 - Level 1.7 Throwing
 - Level 1.0 Spellcasting
   Level 1.0 Conjurations
   Level 1.0 Charms


You had 5 spell levels left.
You knew the following spells:

 Your Spells              Type           Power        Failure   Level  Hunger
a - Summon Butterflies    Summ           #.......     26%         1    ##.....

Your spell library contained the following spells:

 Spells                   Type           Power        Failure   Level  Hunger
 Call Canine Familiar     Summ           #.......     63%         3    ####...


Dungeon Overview and Level Annotations

Branches:
Dungeon (4/15)             Temple (0/1) D:4


Innate Abilities, Weirdness & Mutations

You have an increased reservoir of magic. (+10% MP)


Message History

Press: ? - help, Dir - move target cursor, f/p - iguana
Aim: an iguana (lightly wounded)
You reach to attack!
You barely miss the iguana.
The iguana is lightly wounded.
You hit the iguana but do no damage.
The iguana is lightly wounded.
The iguana bites you!
You closely miss the iguana.
The iguana is lightly wounded.
The iguana bites you!
You are too injured to fight recklessly!
You are too injured to fight recklessly!
You are too injured to fight recklessly!
The iguana hisses menacingly.
The iguana bites you!
* * * LOW HITPOINT WARNING * * *
The iguana barely misses you. As you open the door, it creaks loudly!
The iguana bites you!
You die...

#...............$.#.......
#.................#......[
#.................#.......
#.................+.......
#...###...######## #####+
#...###...###..# #.....
#....+.........# #.....
#... #...l.....# #..... #.
#...@.....# #.<...
####'###########..... ...
............. .....
.............
....................
(....................
......................
###########+##.....####
#.....#


You could see an iguana.

Vanquished Creatures
  An orc wizard (D:4)
  A bullfrog skeleton (D:4)
  Terence (D:3)
  4 adders
  2 worms
  7 orcs
  2 ball pythons
  10 bats
  2 giant cockroaches
  5 goblins
  6 hobgoblins
  3 kobolds
  A quokka (D:3)
  5 frilled lizards
  6 rats
56 creatures vanquished.

Vanquished Creatures (others)
  An orc wizard (D:4)
1 creature vanquished.

Grand Total: 57 creatures vanquished

Notes
Turn   | Place    | Note
-------+----------+-------------------------------------------
     0 | D:1      | Banto the Demigod Wanderer began the quest for the Orb.
     0 | D:1      | Banto set off with the following items: a +2 spear, a
                  | potion of curing, a +0 robe, a ration; and the following
                  | spell memorised: Summon Butterflies; and the following
                  | spells available to memorise: Call Canine Familiar
     0 | D:1      | Reached XP level 1. HP: 17/17 MP: 4/4
    88 | D:1      | Reached skill level 3 in Polearms
   253 | D:1      | Reached XP level 2. HP: 24/24 MP: 5/5
   826 | D:2      | Reached skill level 4 in Polearms
   826 | D:2      | Reached XP level 3. HP: 22/29 MP: 6/6
  1613 | D:3      | Noticed Terence
  1644 | D:3      | Killed Terence
  1644 | D:3      | Reached XP level 4. HP: 26/36 MP: 8/8
  1963 | D:3      | Reached skill level 5 in Polearms
  2166 | D:4      | Found a stormy altar of Qazlal.
  2240 | D:4      | Found a staircase to the Ecumenical Temple.
  2752 | D:4      | Reached XP level 5. HP: 13/41 MP: 9/9
  2773 | D:4      | HP: 1/41 [orc wizard/magic dart (5)]
  3204 | D:4      | Slain by an iguana

Skill      XL: |  1  2  3  4 |
---------------+-------------+-----
Polearms       | 3 4 5 |  5.8
Fighting       | |  1.7
Throwing       | |  1.7
Spellcasting   | |  1.0
Conjurations   | |  1.0
Charms         | |  1.0

Action                   |  1- 3 |  4- 6 || total
-------------------------+-------+-------++-------
Melee: Spear             |   119 |   116 ||   235
  Use: Potion            |       |     1 ||     1
 Stab: Sleeping          |     2 |       ||     2
  Eat: Chunk             |     2 |     8 ||    10
Armor: Ring mail         |    31 |    12 ||    43
       Robe              |     1 |       ||     1
       Leather armour    |       |    11 ||    11
Dodge: Dodged            |    47 |    21 ||    68
